 Dungeon Crawl Stone Soup version 0.31-a0-507-gbafd7f5274 (webtiles) character file.

Game seed: 8264554932817355164

92 senseless the Ducker (level 4, -6/34 HPs)
             Began as a Demonspawn Gladiator on Aug 9, 2023.
             Was an Initiate of Okawaru.
             Killed from afar by an orc wizard (9 damage)
             ... with a magic dart
             ... on level 3 of the Dungeon.
             The game lasted 00:04:21 (1741 turns).

senseless the Ducker (Demonspawn Gladiator)         Turns: 1741, Time: 00:04:21

Health: -6/34      AC:  4    Str: 15    XL:     4   Next: 35%
Magic:  4/4        EV: 18    Int:  9    God:    Okawaru [......]
Gold:   144        SH:  0    Dex: 16    Spells: 3/3 levels left

rFire   . . .        a - +0 long sword
rCold   . . .        (no shield)
rNeg    . . .        k - +0 leather armour
rPois   .            c - +0 helmet
rElec   .            (no cloak)
rCorr   .            (no gloves)
SInv    .            (no boots)
Will    .....        q - amulet of faith
Stlth   +            f - +5 ring of evasion
HPRegen 0.25/turn    (no ring)
MPRegen 0.09/turn

%: faith
@: no status effects
A: hooves 1, (demonic guardian 1)
a: Renounce Religion


You were on level 3 of the Dungeon.
You worshipped Okawaru.
Okawaru was noncommittal.
You visited 1 branch of the dungeon, and saw 3 of its levels.

You collected 144 gold pieces.

Inventory:

Hand Weapons
 a - a +0 long sword (weapon)
 b - a +2 heavy sling
 p - a +0 triple crossbow
Missiles
 d - 3 throwing nets (quivered)
 e - a javelin
Armour
 c - a +0 helmet (worn)
 k - a +0 leather armour (worn)
Jewellery
 f - a +5 ring of evasion (left hand)
 q - an amulet of faith (around neck)
Talismans
 j - a blade talisman
Scrolls
 g - 4 scrolls of identify {unknown}
 l - a scroll of teleportation {unknown}
 n - a scroll of revelation {unknown}
 o - a scroll of blinking {unknown}
Potions
 i - a potion of resistance {unknown}
 m - a potion of might {unknown}


   Skills:
 + Level 2.8 Fighting
 + Level 3.3 Long Blades
 + Level 2.5 Throwing
 + Level 3.3 Dodging


You had 3 spell levels left.
You didn't know any spells.
Your spell library contained the following spells:

 Spells                   Type           Power      Damage    Failure   Level
 Ozocubu's Armour         Ice            0%         N/A       83%         3
 Vhi's Electric Charge    Tloc/Air       0%         N/A       83%         3
 Arcjolt                  Conj/Air       0%         1d10      100%        5
 Metabolic Englaciation   Hex/Ice        0%         N/A       100%        5
 Maxwell's Capacitive Co  Air            0%         ∞         100%        8
 Simulacrum               Ice/Necr       Unusable   N/A       N/A         6

Dungeon Overview and Level Annotations

Branches:
Dungeon (3/15)

Altars:
Cheibriados
Okawaru
Wu Jian


Innate Abilities, Weirdness & Mutations

You have large cloven feet.
((A weak demonic guardian rushes to your aid.))


Message History

You are too injured to fight recklessly!
You are too injured to fight recklessly!
You are too injured to fight recklessly!
You are too injured to fight recklessly!
You are too injured to fight recklessly!
You are too injured to fight recklessly!
You are too injured to fight recklessly!
You are too injured to fight recklessly!
You are too injured to fight recklessly!
You barely miss something. You kick something. Something barely misses you.
Something hits you but does no damage.
You barely miss something. Your kick misses something.
Something barely misses you. Something hits you.
You hit something. Your kick misses something.
You hear some strange, mumbled words.
You are confused.
You bump into the rock wall.
Something barely misses you.
You barely miss something. Your kick misses something.
Something closely misses you. Something hits you but does no damage.
You bump into the rock wall.
Something hits you but does no damage. Something hits you.
You bump into the rock wall.
Something hits you.
* * * LOW HITPOINT WARNING * * *
You bump into the rock wall.
You feel less confused.
You hear some strange, mumbled words.
A magic dart appears from out of thin air!
The magic dart hits you.
* * * LOW HITPOINT WARNING * * *
It was a potion of curing.
You feel better.
You hear some strange, mumbled words.
A puff of flame appears from out of thin air!
The puff of flame hits you.
* * * LOW HITPOINT WARNING * * *
You barely miss something. Something hits you.
* * * LOW HITPOINT WARNING * * *
You hear some strange, mumbled words.
A magic dart appears from out of thin air!
The magic dart hits you!
You die...

#.......# #.#
##...†...# ###.##
.........# #....#
..##†###.###.#..#
⌠.⌠#.#
#........###
...#.#
#..#####...#
_..#.# #...
###.##### ...#.#
.....#####.....#
..⌠....
.....)o{@####.#
...#.#..#####.w###
####... #†.o .#.
#...# .# .)).#
#$8)# ..(. ..#


You could see a worm and an orc.

Vanquished Creatures
  2 adders
  A worm (D:2)
  5 dart slugs
  An orc (D:2)
  4 endoplasms
  2 giant cockroaches
  6 goblins
  4 hobgoblins
  10 jackals
  3 quokkas (D:1)
  4 ball pythons
  3 bats
  3 frilled lizards
  4 kobolds
  3 rats
55 creatures vanquished.

Notes
Turn   | Place    | Note
-------+----------+-------------------------------------------
     0 | D:1      | senseless the Demonspawn Gladiator began the quest for the
                  | Orb.
     0 | D:1      | Reached XP level 1. HP: 16/16 MP: 1/1
   166 | D:1      | Gained mutation: A weak demonic guardian rushes to your
                  | aid. [demonic ancestry]
   166 | D:1      | Reached XP level 2. HP: 19/22 MP: 2/2
   970 | D:2      | Reached XP level 3. HP: 28/28 MP: 3/3
  1288 | D:2      | Found a snail-covered altar of Cheibriados.
  1400 | D:2      | Gained mutation: You have large cloven feet. [demonic
                  | ancestry]
  1400 | D:2      | Reached XP level 4. HP: 34/34 MP: 4/4
  1607 | D:3      | Found an iron altar of Okawaru.
  1615 | D:3      | Became a worshipper of Warmaster Okawaru
  1639 | D:3      | Found an ornate altar of the Wu Jian Council.
  1652 | D:3      | Found a faded altar of an unknown god.
  1741 | D:3      | Killed from afar by an orc wizard

Illustrated notes

Levels and vault maps discovered:
D:1:      minmay_arrival_doors, layout_loops_ring, minmay_hedge_maze,
          supply_closet_lemuel, nrook_uturn
D:2:      layout_basic, basic_altar
D:3:      layout_basic, lemuel_crystal_altar, okawaru_trees_1,
          hellmonk_ecumenical_altar_run_dry, minmay_circle_x,
          uniq_crazy_yiuf_cottage

Skill      XL: |  1  2 |
---------------+-------+-----
Throwing       | 2 |  2.5
Dodging        | 3 |  3.3
Long Blades    | 3 |  3.3
Fighting       | |  2.8

Action                     |  1- 3 |  4- 6 || total
---------------------------+-------+-------++-------
  Melee: Long sword        |   125 |    22 ||   147
         Punch             |     1 |       ||     1
         Kick              |       |     1 ||     1
   Fire: Sling             |    11 |    19 ||    30
    Use: Potion            |       |     1 ||     1
 Armour: Leather armour    |    19 |    10 ||    29
  Dodge: Dodged            |   148 |    24 ||   172

Table legend: (Time is in decaauts)
 A = Elapsed time spent in this place.
 B = Non-inter-level travel time spent in this place.
 C = Inter-level travel time spent in this place.
 D = Time resting spent in this place.
 E = Time spent auto-exploring this place.
 F = Levels seen in this place.
 G = Mean time per level.
                   A        B        C        D        E       F      G
               +--------+--------+--------+--------+--------+-----+--------+
         Total |   1803 |   1702 |    101 |      0 |   1266 |   3 |  601.0 |
       Dungeon |   1803 |   1702 |    101 |      0 |   1266 |   3 |  601.0 |
               +--------+--------+--------+--------+--------+-----+--------+

Top non-repeatable levels by time:
     D:1: 965 daAuts
     D:2: 617 daAuts
     D:3: 221 daAuts
